 Dungeon Crawl Stone Soup version 0.28.0-53-g5a82cb258f (webtiles) character file.

Game seed: 57941655828418386

1026 firemarshallily the Skirmisher (level 8, 0/64 HPs)
             Began as a Demonspawn Gladiator on June 10, 2022.
             Was an Initiate of Ashenzari.
             Slain by Edmund
             ... wielding a +1 dire flail of pain
              (1 damage)
             ... on level 5 of the Dungeon.
             The game lasted 00:25:34 (5308 turns).

firemarshallily the Skirmisher (DsGl)               Turns: 5308, Time: 00:25:35

Health: 0/64       AC:  9    Str: 18    XL:     8   Next: 2%
Magic:  8/8        EV: 15    Int:  9    God:    Ashenzari [......]
Gold:   144        SH:  0    Dex: 14    Spells: 7/7 levels left

rFire   + . .      SeeInvis .   a - +2 long sword (chaos)
rCold   + + .      Faith    .   (no shield)
rNeg    . . .      Spirit   .   e - +1 ring mail
rPois   .          Reflect  .   (helmet restricted)
rElec   .          Harm     .   v - +2 cloak
rCorr   .          Rampage  .   (no gloves)
Will    .....      Clarity  +   (no boots)
Stlth   +.........              (no amulet)
HPRegen 0.20/turn               p - ring of protection from fire
MPRegen 0.11/turn               q - +4 ring of evasion

@: no status effects
A: antennae 1, hooves 1, powered by death 2, clarity, cold resistance 2
a: Renounce Religion


You were on level 5 of the Dungeon.
You worshipped Ashenzari.
Ashenzari was noncommittal.
You visited 1 branch of the dungeon, and saw 5 of its levels.

You collected 186 gold pieces.
You spent 42 gold pieces at shops.

Inventory:

Hand Weapons
 a - a +2 long sword of chaos (weapon)
Missiles
 d - 4 throwing nets
 i - 153 stones
 n - 4 poisoned darts (quivered)
Armour
 b - a +0 leather armour
 e - a +1 ring mail (worn)
 v - a +2 cloak (worn)
Jewellery
 p - a ring of protection from fire (left hand)
 q - a +4 ring of evasion (right hand)
Wands
 k - a wand of flame (10)
Scrolls
 j - a scroll of fog
Potions
 c - a potion of curing
 h - a potion of invisibility
 t - a potion of might {unknown}
 w - 2 potions of flight


   Skills:
 * Level 5.9 Fighting
 * Level 5.8 Long Blades
 - Level 2.0 Throwing
 + Level 2.9 Armour
 - Level 3.0 Dodging
 + Level 2.3 Stealth


You had 7 spell levels left.
You didn't know any spells.
Your spell library contained the following spells:

 Spells                   Type           Power      Damage    Failure   Level
 Apportation              Tloc           0%         N/A       56%         1
 Dazzling Flash           Conj/Hex       0%         N/A       91%         3
 Agony                    Necr           0%         N/A       100%        5
 Alistair's Intoxication  Tmut/Pois      0%         N/A       100%        5
 Silence                  Hex/Air        0%         N/A       100%        5


Dungeon Overview and Level Annotations

Branches:
Dungeon (5/15)
 Temple: D:4-7

Altars:
Ashenzari
Dithmenos
Elyvilon
Makhleb

Shops:
D:1 ?   D:2 !

Annotations:
D:4 2 transporters, Sin92's ghost, amateur MiFi
D:5 Edmund


Innate Abilities, Weirdness & Mutations

You have a pair of small antennae on your head.
You have large cloven feet.
You regenerate health from kills.
You possess an exceptional clarity of mind.
Your flesh is very cold resistant. (rC++)


Message History

An ogre comes into view. It is wielding a +0 giant club.
The ogre shouts!
Edmund hits you with a +1 dire flail of pain.
The ogre moves out of view.
You closely miss Edmund. You kick Edmund.
Edmund is lightly wounded.
Edmund barely misses you.
You hit Edmund but do no damage.
Edmund goes berserk!
Your kick misses Edmund.
Edmund is lightly wounded.
Edmund closely misses you. Edmund hits you but does no damage.
You writhe in agony.
You hit Edmund. You freeze Edmund. You kick Edmund, but do no damage.
Edmund is moderately wounded.
Edmund barely misses you.
You slash Edmund! You burn Edmund. Your kick misses Edmund.
Edmund is heavily wounded.
Edmund hits you with a +1 dire flail of pain! x2
You see here a scroll of noise.
Edmund hits you with a +1 dire flail of pain.
You barely miss Edmund. Your kick misses Edmund.
Edmund is heavily wounded.
Edmund barely misses you. The ogre barely misses you. Edmund misses you.
You slash Edmund! You burn Edmund.
Edmund is severely wounded.
Edmund closely misses you. The ogre closely misses you.
Edmund barely misses you.
You slash Edmund! You burn Edmund.
Edmund is almost dead.
Edmund hits you with a +1 dire flail of pain.
You writhe in agony.
The ogre barely misses you.
You hit the ogre but do no damage. You kick the ogre.
The ogre is lightly wounded.
Edmund hits you with a +1 dire flail of pain!!
* * * LOW HITPOINT WARNING * * *
You writhe in agony.
* * * LOW HITPOINT WARNING * * *
Edmund hits you with a +1 dire flail of pain!
* * * LOW HITPOINT WARNING * * *
You writhe in agony.
You die...

*,***,*************,,,,,*,,,,
*,*#..,,,,,,,.# *#..,,,*,,,,
*****,*#..##*****.#***..***,*,,,,
,,,,,,*#....,,,,,..,,..#*,***+,,,
,****,*#...#****#.#**..#,,,+,***,
,* *,*#...# #.###..##,***+**, ,*
**##...######.#..)..###**,,**
,*#####........@...........*,,,,*
,,.....>......?O@..<.......*,,,,*
***#####..################.**,,**
########.........,,,,,,,,',,****,
..........#######*********,,,,,,,
.########## *,,,,,,, .# ***,****
.# **'**** .# *,,,,,, .# *,,,,,,


You could see Edmund (berserk) and an ogre.

Vanquished Creatures
  Pikel (D:4)
  Eustachio (D:4)
  2 lemures (D:4)
  3 scorpions
  A jelly (D:4)
  Robin (D:3)
  3 gnolls (D:3)
  7 adders
  A shadow imp (D:5)
  A white imp (D:5)
  2 worms
  4 dart slugs
  An orc (D:4)
  5 endoplasms
  2 giant cockroaches
  21 goblins
  11 hobgoblins
  4 jackals (D:3)
  5 quokkas
  5 ball pythons
  6 bats
  8 frilled lizards
  5 kobolds
  7 rats
107 creatures vanquished.

Notes
Turn   | Place    | Note
-------+----------+-------------------------------------------
     0 | D:1      | firemarshallily the Demonspawn Gladiator began the quest
                  | for the Orb.
     0 | D:1      | Reached XP level 1. HP: 16/16 MP: 1/1
    13 | D:1      | Found Qimin's Magic Scroll Boutique.
   403 | D:1      | Discovered your monstrous ancestry.
   403 | D:1      | Gained mutation: You have a pair of small antennae on your
                  | head. [demonic ancestry]
   403 | D:1      | Reached XP level 2. HP: 21/22 MP: 2/2
   427 | D:1      | Found a faded altar of an unknown god.
   444 | D:1      | Prayed at the altar of an unknown god.
   444 | D:1      | Became a worshipper of Ashenzari the Shackled
  1009 | D:2      | Reached XP level 3. HP: 28/28 MP: 3/3
  1678 | D:2      | Reached XP level 4. HP: 12/35 MP: 4/4
  2212 | D:2      | Found Juupsioke's Distillery.
  2227 | D:2      | Bought a potion of curing for 42 gold pieces
  2667 | D:3      | Gained mutation: Your flesh is cold resistant. (rC+)
                  | [potion of mutation]
  2667 | D:3      | Gained mutation: Your flesh is very cold resistant. (rC++)
                  | [potion of mutation]
  2667 | D:3      | Gained mutation: You possess an exceptional clarity of
                  | mind. [potion of mutation]
  2673 | D:3      | Found a burning altar of Makhleb.
  2676 | D:3      | Noticed a scorpion
  2680 | D:3      | Killed a scorpion
  2681 | D:3      | Reached skill level 1 in Armour
  2681 | D:3      | Reached XP level 5. HP: 37/42 MP: 5/5
  2732 | D:3      | Noticed Robin
  2766 | D:3      | Killed Robin
  3756 | D:4      | Noticed Eustachio
  3783 | D:4      | Gained mutation: You regenerate a little health from kills.
                  | [demonic ancestry]
  3783 | D:4      | Reached XP level 6. HP: 33/48 MP: 6/6
  3787 | D:4      | Noticed Pikel
  4266 | D:4      | Killed Eustachio
  4267 | D:4      | Reached skill level 5 in Long Blades
  4482 | D:4      | Found a transporter.
  4486 | D:4      | Found a transporter.
  4486 | D:4      | Noticed Sin92's ghost (amateur MiFi)
  4516 | D:4      | Reached skill level 5 in Fighting
  4516 | D:4      | Reached skill level 1 in Stealth
  4516 | D:4      | Gained mutation: You regenerate health from kills. [demonic
                  | ancestry]
  4516 | D:4      | Reached XP level 7. HP: 56/56 MP: 7/7
  4549 | D:4      | Killed Pikel
  4550 | D:4      | Gained mutation: You have large cloven feet. [demonic
                  | ancestry]
  4550 | D:4      | Reached XP level 8. HP: 17/64 MP: 8/8
  4914 | D:4      | Found a shadowy altar of Dithmenos.
  4972 | D:5      | Entered Level 5 of the Dungeon
  5052 | D:5      | Noticed Edmund
  5308 | D:5      | HP: 1/64 [Edmund/+1 dire flail of pain (9)]
  5308 | D:5      | Slain by Edmund

Illustrated notes

Levels and vault maps discovered:
D:1:      shiori_arrival_oz, layout_basic, serial_shops, shop,
          ebering_ecumenical_altar_sacrificial, minmay_tetromino_t2
D:2:      minmay_razor_zed, layout_basic, serial_shops, shop,
          minmay_pentomino_pile
D:3:      layout_basic, mainiacjoe_overflow_alcove_2, uniq_robin
D:4:      layout_rooms, gammafunk_temple_overflow_pools, gammafunk_ghost_arena,
          uniq_eustachio, uniq_pikel
D:5:      layout_basic, minmay_joined_circles, uniq_sigmund, uniq_edmund

Skill      XL: |  1  2  3  4  5  6  7 |
---------------+----------------------+-----
Throwing       | 2 |  2.0
Long Blades    | 3 4 5 |  5.8
Dodging        | 3 |  3.0
Fighting       | 3 4 5 |  5.9
Armour         | 1 2 |  2.9
Stealth        | 1 2 |  2.3

Action                   |  1- 3 |  4- 6 |  7- 9 || total
-------------------------+-------+-------+-------++-------
Melee: Long sword        |   120 |   196 |    41 ||   357
       Punch             |       |     3 |     1 ||     4
       Kick              |       |       |     4 ||     4
Throw: Stone             |       |     4 |       ||     4
Invok: Curse Item        |       |     1 |       ||     1
       Shatter the Chain |       |       |     1 ||     1
  Use: Scroll            |     2 |     5 |    10 ||    17
       Potion            |       |     7 |     1 ||     8
 Stab: Sleeping          |     1 |       |       ||     1
       Petrified         |       |     2 |       ||     2
Armor: Leather armour    |    45 |    13 |       ||    58
       Ring mail         |       |    10 |     2 ||    12
Dodge: Dodged            |    78 |   173 |    28 ||   279
